 Dungeon Crawl Stone Soup version 0.28-a0-697-g47f3eba078 (webtiles) character file.

Game seed: 7736777629094574661

92 avis the Ruffian (level 4, -3/36 HPs)
             Began as a Demigod Transmuter on Oct 24, 2021.
             Killed from afar by Sigmund (8 damage)
             ... with a puff of flame
             ... on level 3 of the Dungeon.
             The game lasted 00:08:35 (2577 turns).

avis the Ruffian (Demigod Transmuter)               Turns: 2577, Time: 00:08:35

Health: -3/36      AC:  8    Str: 15    XL:     4   Next: 13%
Magic:  9/9        EV:  6    Int: 15    God:
Gold:   75         SH:  0    Dex: 14    Spells: 2/6 levels left

rFire   . . .      SeeInvis .   b - +0 dagger (drain)
rCold   . . .      Faith    .   (no shield)
rNeg    . . .      Spirit   .   e - +0 chain mail {rPois}
rPois   +          Reflect  .   (no helmet)
rElec   .          Harm     .   l - scarf {repulsion}
rCorr   .          Rampage  .   (no gloves)
Will    .....                   (no boots)
Stlth   ..........              (no amulet)
HPRegen 0.12/turn               (no ring)
MPRegen 0.11/turn               (no ring)

@: repel missiles
A: high mp 1, forlorn
a: no special abilities


You were on level 3 of the Dungeon.
You visited 1 branch of the dungeon, and saw 3 of its levels.

You collected 75 gold pieces.

Inventory:

Hand Weapons
 b - a +0 dagger of draining (weapon)
 c - a +0 hunting sling
Missiles
 a - 12 sling bullets
 f - 62 stones
 i - 12 poisoned darts
 n - 18 arrows
 t - 22 bolts
Armour
 e - a +0 chain mail of poison resistance (worn)
 l - a scarf of repulsion (worn)
Jewellery
 j - an amulet of regeneration
Scrolls
 d - 2 scrolls of teleportation {unknown}
 g - a scroll of summoning {unknown}
 h - a scroll of torment {unknown}
 m - a scroll of identify {unknown}
 q - a scroll of amnesia {unknown}
 r - a scroll of fear {unknown}
 u - a scroll of vulnerability {unknown}
Potions
 k - a potion of attraction {unknown}
 o - a potion of ambrosia {unknown}
 p - a potion of flight {unknown}
 s - a potion of curing {unknown}


   Skills:
 - Level 2.0 Fighting
 - Level 1.7 Dodging
 * Level 4.0 Unarmed Combat
 - Level 1.7 Spellcasting
 - Level 2.0 Transmutations
 - Level 1.0 Poison Magic


You had 2 spell levels left.
You knew the following spells:

 Your Spells              Type           Power      Damage    Failure   Level
a - Beastly Appendage     Tmut           14%        N/A       95%         1
p - Spider Form           Tmut/Pois      2%         N/A       100%        3

Your spell library contained the following spells:

 Spells                   Type           Power      Damage    Failure   Level
 Wereblood                Tmut           7%         N/A       98%         2
 Ice Form                 Ice/Tmut       4%         N/A       100%        4


Dungeon Overview and Level Annotations

Branches:
Dungeon (3/15)

Annotations:
D:3 Sigmund


Innate Abilities, Weirdness & Mutations

Your attributes grow dramatically as you level up.
You have an increased reservoir of magic. (+10% MP)
You shall have no god before yourself.


Message History

The gnoll is severely wounded.
The gnoll hits you with a +0 whip.
You hit the gnoll but do no damage.
The gnoll is severely wounded.
The gnoll seems less drained.
The gnoll hits you but does no damage.
The quokka bites you but does no damage.
You hit the quokka. You drain the quokka.
You kill the quokka!
The gnoll hits you with a +0 whip.
A worm comes into view.
Found a throwing net.
You hit the gnoll but do no damage.
The gnoll is severely wounded.
The gnoll hits you but does no damage.
You hit the gnoll.
You kill the gnoll!
Training target 2.0 for Fighting reached!
Your Fighting skill increases to level 2!
You need to enable at least one skill for training.
You hit the gnoll. You drain the gnoll.
The gnoll is moderately wounded.
You closely miss the gnoll.
The gnoll is moderately wounded.
The worm bites you.
* * * LOW HITPOINT WARNING * * *
You barely miss the gnoll.
The gnoll is moderately wounded.
The gnoll hits you with a +0 flail.
* * * LOW HITPOINT WARNING * * *
You hit the gnoll. You drain the gnoll.
The gnoll is heavily wounded.
The gnoll hits you but does no damage.
You see here a +0 leather armour.
The gnoll seems less drained.
Sigmund casts a spell.
Sigmund flickers and vanishes!
Deactivating autopickup; reactivate with Ctrl-A.
A puff of flame appears from out of thin air!
The puff of flame hits you!
You die...

#............ ..#
#.!........# ..
#.........# .#
#.........#####.#####
#...........##......#.
#.........#g..........
###.#.#######..........
##.[...# #.g........
...#.### #>.@.....{.
#.....### #..........
..##....# #..........
.##..##.### #.........#
###.#....... ..........##
###...#.................#
.†..###.............>...#
##..# ....$.$..........#
.......^...............#


You could see 2 gnolls.

Vanquished Creatures
  A bullfrog skeleton (D:3)
  An adder (D:3)
  A gnoll (D:3)
  A worm (D:2)
  A dart slug (D:3)
  3 bats
  A giant cockroach (D:2)
  A goblin (D:3)
  3 hobgoblins
  6 jackals (D:1)
  3 quokkas
  7 ball pythons
  3 frilled lizards
  4 kobolds
  A rat (D:2)
37 creatures vanquished.

Notes
Turn   | Place    | Note
-------+----------+-------------------------------------------
     0 | D:1      | avis the Demigod Transmuter began the quest for the Orb.
     0 | D:1      | Reached XP level 1. HP: 15/15 MP: 5/5
   186 | D:1      | Reached skill level 3 in Unarmed Combat
   202 | D:1      | Reached XP level 2. HP: 9/22 MP: 5/7
  1704 | D:2      | Reached XP level 3. HP: 21/27 MP: 8/8
  2117 | D:3      | Reached skill level 4 in Unarmed Combat
  2135 | D:3      | Reached skill level 1 in Poison Magic
  2135 | D:3      | Reached skill level 1 in Fighting
  2396 | D:2      | Learned a level 3 spell: Spider Form
  2439 | D:3      | Noticed Sigmund
  2505 | D:3      | Reached XP level 4. HP: 34/36 MP: 9/9
  2577 | D:3      | Killed from afar by Sigmund

Illustrated notes

Levels and vault maps discovered:
D:1:      lemuel_arrival_river_ford, layout_basic, basic_ecumenical_altar,
          minmay_split_cup_small
D:2:      layout_loops_ring, basic_altar, minmay_ruptured
D:3:      layout_rooms, uniq_sigmund

Skill      XL: |  1  2  3  4 |
---------------+-------------+-----
Unarmed Combat | 3 4 |  4.0
Transmutations | 2 |  2.0
Poison Magic   | 1 |  1.0
Fighting       | 1 2 |  2.0
Dodging        | |  1.7
Spellcasting   | |  1.7

Action                   |  1- 3 |  4- 6 || total
-------------------------+-------+-------++-------
Melee: Dagger            |   118 |    22 ||   140
       Unarmed           |     8 |       ||     8
       Kick              |     7 |       ||     7
       Headbutt          |     2 |       ||     2
 Cast: Beastly Appendage |     6 |       ||     6
Armor: Robe              |     7 |       ||     7
       Chain mail        |    64 |    11 ||    75
Dodge: Dodged            |    39 |     4 ||    43

Table legend: (Time is in decaauts)
 A = Elapsed time spent in this place.
 B = Non-inter-level travel time spent in this place.
 C = Inter-level travel time spent in this place.
 D = Time resting spent in this place.
 E = Time spent auto-exploring this place.
 F = Levels seen in this place.
 G = Mean time per level.
                   A        B        C        D        E       F      G
               +--------+--------+--------+--------+--------+-----+--------+
         Total |   2591 |   2305 |    286 |    593 |   1229 |   3 |  863.7 |
       Dungeon |   2591 |   2305 |    286 |    593 |   1229 |   3 |  863.7 |
               +--------+--------+--------+--------+--------+-----+--------+

Top non-repeatable levels by time:
     D:2: 1317 daAuts
     D:1: 1136 daAuts
     D:3: 138 daAuts
